 Dungeon Crawl Stone Soup version 0.23.2-40-g277498a (webtiles) character file.

Game seed: 8582654208462563046

691 EazyBreezy the Cleaver (level 7, -8/59 HPs)
             Began as a Hill Orc Gladiator on Sept 14, 2019.
             Mangled by MurderousKitten's ghost (12 damage)
             ... on level 4 of the Dungeon.
             The game lasted 00:10:04 (3007 turns).

EazyBreezy the Cleaver (Hill Orc Gladiator)         Turns: 3007, Time: 00:10:05

Health: -8/59      AC:  4    Str: 17    XL:     7   Next: 63%
Magic:  7/7        EV: 20    Int:  8    God:
Gold:   244        SH:  0    Dex: 19    Spells: 6/6 levels left

rFire    . . .     SeeInvis .   a - +0 war axe
rCold    . . .     Gourm    .   (no shield)
rNeg     . . .     Faith    .   b - +0 leather armour
rPois    .         Spirit   .   c - +0 helmet
rElec    .         Reflect  .   (no cloak)
rCorr    .         Harm     .   (no gloves)
MR       .....                  (no boots)
Stlth    ++........             (no amulet)
HPRegen  0.19/turn              e - +1 ring of evasion
MPRegen  0.10/turn              (no ring)

@: agile
A: no striking features
a: no special abilities


You were on level 4 of the Dungeon.
You were not hungry.

You visited 1 branch of the dungeon, and saw 4 of its levels.

You collected 244 gold pieces.

Inventory:

Hand Weapons
 a - a +0 war axe (weapon)
 p - a +0 flail
Missiles
 d - 4 throwing nets (quivered)
Armour
 b - a +0 leather armour (worn)
 c - a +0 helmet (worn)
Jewellery
 e - a +1 ring of evasion (left hand)
Wands
 k - a wand of iceblast (3)
 m - a wand of paralysis (13)
Scrolls
 g - 3 scrolls of remove curse
 l - 4 scrolls of teleportation
Potions
 h - 3 potions of brilliance
 i - 2 potions of curing
 n - a potion of cancellation {unknown}
Comestibles
 f - 3 rations


   Skills:
 * Level 4.2 Fighting
 * Level 8.4 Axes
 - Level 1.7 Throwing
 * Level 3.2 Armour
 * Level 3.8 Dodging
 - Level 1.1 Evocations


You had 6 spell levels left.
You didn't know any spells.
Your spell library was empty.

Dungeon Overview and Level Annotations

Branches:
Dungeon (4/15)
 Temple: D:4-7

Altars:
Hepliaklqana
Nemelex Xobeh
Ru
Wu Jian
Yredelemnul

Annotations:
D:4 MurderousKitten's ghost, amateur DsMo


Message History

You closely miss MurderousKitten's ghost.
MurderousKitten's ghost is almost destroyed.
MurderousKitten's ghost closely misses you.
You barely miss MurderousKitten's ghost.
MurderousKitten's ghost is almost destroyed.
MurderousKitten's ghost shouts, "You will never get the ORB!"
MurderousKitten's ghost completely misses you.
You closely miss MurderousKitten's ghost.
MurderousKitten's ghost is almost destroyed.
MurderousKitten's ghost hits you but does no damage.
MurderousKitten's ghost closely misses you.
You closely miss MurderousKitten's ghost.
MurderousKitten's ghost is almost destroyed.
MurderousKitten's ghost shrieks, "I have seen your future, and it is all used up."
MurderousKitten's ghost hits you!
* * * LOW HITPOINT WARNING * * *
You hit MurderousKitten's ghost but do no damage.
MurderousKitten's ghost is almost destroyed.
MurderousKitten's ghost hits you!
You die...

#...... #......
#######.# ###
#.......#
####.≈####.#.###.#
#.#.≈#.##..#.###.#
##.#.⌠..##.##.###.#
#..'≈.≈[.#.##.[....
#.@W≈#..##.##.#####
#..#..≈.≈#.#..####.
#.(#...###.........
#.##.##≈##.........
#.# ## ###...[.....
#.# #.......... #.#
#.......... #.#
#.........#
#.#######.........#


You could see MurderousKitten's ghost.

Vanquished Creatures
  Sigmund (D:2)
  An ogre (D:4)
  A howler monkey (D:4)
  2 hounds (D:4)
  An iguana (D:4)
  Natasha (twice) (D:4)
  2 worker ants (D:4)
  A hound skeleton (D:4)
  3 gnolls (D:3)
  10 adders
  A shadow imp (D:4)
  An ooze (D:1)
  3 worms
  3 dart slugs
  A leopard gecko (D:3)
  6 orcs (D:4)
  5 bats
  8 giant cockroaches
  8 goblins
  6 hobgoblins
  12 jackals
  4 kobolds
  A quokka (D:4)
  2 ball pythons (D:1)
  8 frilled lizards
  2 leopard gecko skeletons (D:4)
  2 quokka skeletons (D:4)
  8 rats
105 creatures vanquished.

Notes
Turn   | Place    | Note
-------+----------+-------------------------------------------
     0 | D:1      | EazyBreezy the Hill Orc Gladiator began the quest for the
                  | Orb.
     0 | D:1      | Reached XP level 1. HP: 18/18 MP: 1/1
     2 | D:1      | Noticed a halfling
     4 | D:1      | Noticed a naga
     6 | D:1      | Noticed a demigod
     6 | D:1      | Noticed a gargoyle
     8 | D:1      | Noticed a centaur
    10 | D:1      | Noticed a vampire
    10 | D:1      | Noticed a spriggan
    12 | D:1      | Noticed an ogre
    12 | D:1      | Noticed a ghoul
    14 | D:1      | Noticed an elf
    14 | D:1      | Noticed a vine stalker
    16 | D:1      | Noticed a draconian
    16 | D:1      | Noticed a merfolk
    18 | D:1      | Noticed a formicid
    18 | D:1      | Noticed a dwarf
    20 | D:1      | Noticed a tengu
    20 | D:1      | Noticed a demonspawn
    22 | D:1      | Noticed a troll
    22 | D:1      | Noticed a human
    24 | D:1      | Noticed a minotaur
    24 | D:1      | Noticed an octopode
    26 | D:1      | Noticed a felid
    89 | D:1      | Reached XP level 2. HP: 18/25 MP: 2/2
   299 | D:1      | Reached XP level 3. HP: 23/30 MP: 3/3
   520 | D:2      | Reached skill level 5 in Axes
   524 | D:2      | Reached skill level 1 in Armour
   755 | D:2      | Reached XP level 4. HP: 38/38 MP: 4/4
  1330 | D:2      | Noticed Sigmund
  1362 | D:2      | Killed Sigmund
  1362 | D:2      | Reached skill level 6 in Axes
  1362 | D:2      | Reached XP level 5. HP: 29/45 MP: 5/5
  1362 | D:2      | Reached XP level 6. HP: 32/51 MP: 6/6
  1485 | D:3      | Found a sparkling altar of Nemelex Xobeh.
  1628 | D:3      | Found a basalt altar of Yredelemnul.
  2173 | D:3      | Reached skill level 7 in Axes
  2333 | D:4      | Found a sacrificial altar of Ru.
  2471 | D:4      | Reached XP level 7. HP: 46/58 MP: 7/7
  2517 | D:4      | Found an ornate altar of the Wu Jian Council.
  2568 | D:4      | Found a large runed translucent door.
  2569 | D:4      | Found a large runed translucent door.
  2571 | D:4      | Noticed MurderousKitten's ghost (amateur DsMo)
  2607 | D:4      | Reached skill level 8 in Axes
  2704 | D:4      | Reached skill level 1 in Evocations
  2705 | D:4      | Noticed Natasha
  2711 | D:4      | Killed Natasha
  2737 | D:4      | Found a hazy altar of Hepliaklqana.
  2917 | D:4      | Noticed Natasha
  2923 | D:4      | Killed Natasha
  3007 | D:4      | Mangled by MurderousKitten's ghost

Skill      XL: |  1  2  3  4  5  6  7 |
---------------+----------------------+-----
Axes           | 5 6 7 8 |  8.4
Armour         | 1 2 3 |  3.2
Fighting       | 3 4 |  4.2
Dodging        | 3 |  3.8
Evocations     | 1 |  1.1
Throwing       | |  1.7

Action                   |  1- 3 |  4- 6 |  7- 9 || total
-------------------------+-------+-------+-------++-------
Melee: War axe           |    86 |   167 |    73 ||   326
  Use: Scroll            |     2 |     6 |     2 ||    10
       Potion            |       |     1 |     2 ||     3
 Stab: Sleeping          |       |     1 |       ||     1
  Eat: Ration            |       |     2 |       ||     2
Armor: Leather armour    |    23 |    48 |    19 ||    90
       Skin              |       |       |     1 ||     1
Dodge: Dodged            |    65 |   182 |    52 ||   299
